[Event "Team 45 45 League T61"]
[Site "Internet Chess Club"]
[Date "2014.06.29"]
[Round "5"]
[White "Salvatore"]
[Black "tightfist"]
[Result "0-1"]
[WhiteElo "1603"]
[BlackElo "1574"]
[Opening "Richter-Veresov attack"]
[ECO "D01"]
[Time "18:04:56"]
[TimeControl "2700+45"]

1. d4 Nf6 2. Nc3 d5 3. Bg5 e6 4. Nf3 Bb4 5. Qd3 Nbd7 6. Nd2 O-O 7. e4 dxe4 8.
Ndxe4 Be7 9. Nxf6+ Nxf6 10. O-O-O b6 11. Be2 Bb7 12. Qh3 Re8 13. Bd3 g6 14. Bh6
Nd5 15. Nxd5 Qxd5 16. Kb1 Qxg2 17. Qxg2 Bxg2 18. Rhg1 Bf3 19. Rde1 Bh4 20. Be3
Red8 21. c3 c5 22. Rc1 cxd4 23. cxd4 Rac8 24. Ba6 Rxc1+ 25. Rxc1 Be4+ 26. Ka1
Bf6 27. Rd1 e5 28. d5 Rxd5 29. Rc1 Bf3 30. Bb7 Rb5 31. Bxf3 e4 32. Rc8+ Kg7 33.
Bxe4 Bxb2+ 34. Kb1 Be5+ 35. Kc2 Rb2+ 36. Kd3 Rxa2 37. Ra8 Ra3+ 38. Ke2 Ra4 39.
Bd5 Ra5 40. Bg2 Bxh2 41. Bxb6 axb6 42. Rd8 Re5+ 43. Kd3 Re6 44. Kc4 Re2 45. Rd7
Rxf2 46. Bd5 h5 47. Kb5 Rf6 48. Kc4 Bg1 49. Kb3 Bc5 50. Ba8 h4 51. Rd3 Re6 52.
Rd1 h3 53. Rh1 f5 54. Kc4 Re3 55. Rd1 h2 56. Rd7+ Kh6 57. Rd8 Re2 58. Rh8+ Kg7
59. Rh3 Bg1 60. Rg3 Kf6 61. Rd3 Rc2+ 62. Kb3 Rc8 63. Bh1 Re8 64. Rd6+ Re6 65.
Rd8 Kg5 66. Rd2 f4 67. Rg2+ Kh4 68. Rc2 g5 69. Rc8 Kg3 70. Rg8 g4 71. Rc8 Re3+
72. Kc2 f3 73. Rf8 f2 74. Kd2 Re1 {White resigns} 0-1

[Event "Team 45 45 League T61"]
[Site "Internet Chess Club"]
[Date "2014.06.29"]
[Round "5"]
[White "whiskeytown"]
[Black "Invicta-Knight"]
[Result "1-0"]
[WhiteElo "1559"]
[BlackElo "1467"]
[Opening "Scandinavian: Pytel-Wade variation"]
[ECO "B01"]
[Time "04:22:08"]
[TimeControl "2700+45"]

1. e4 d5 2. exd5 Qxd5 3. Nc3 Qd6 4. d4 a6 5. Nf3 Nf6 6. g3 Nc6 7. Bf4 Qd8 8. Bg2
e6 9. O-O Be7 10. Re1 O-O 11. Qd2 Bb4 12. a3 Ba5 13. b4 Bb6 14. Ne2 h6 15. Rad1
Nd5 16. c4 Nxf4 17. Qxf4 Qd6 18. Ne5 Nxe5 19. dxe5 Qe7 20. c5 Ba7 21. Rd3 Rb8
22. Nd4 Bd7 23. Red1 Ba4 24. R1d2 Bb5 25. Nxb5 axb5 26. Rd7 Qg5 27. Qxg5 hxg5
28. Rxc7 Rfd8 29. Rxd8+ Rxd8 30. Rxb7 Bb8 31. Rxb5 Bxe5 32. c6 Kf8 {Black
resigns} 1-0

[Event "Team 45 45 League T61"]
[Site "Internet Chess Club"]
[Date "2014.06.26"]
[Round "5"]
[White "Portola"]
[Black "SilentKnight"]
[Result "0-1"]
[WhiteElo "1788"]
[BlackElo "1663"]
[Opening "Queen's pawn game"]
[ECO "A45"]
[Time "20:00:28"]
[TimeControl "2700+45"]

1. d4 Nf6 2. c3 g6 3. h3 Bg7 4. Bf4 d6 5. Nf3 O-O 6. e3 c5 7. Bc4 Qb6 8. Qb3 d5
9. Qxb6 axb6 10. Be2 Bf5 11. Na3 Na6 12. O-O Rfc8 13. Rfe1 Ne4 14. Red1 c4 15.
Nd2 Nf6 16. Nb5 Bd7 17. Na3 b5 18. Nc2 Bf5 19. Ne1 b4 20. g4 Bd7 21. Rdc1 b5 22.
Rcb1 bxc3 23. bxc3 Ne4 24. Nxe4 dxe4 25. a3 Nc7 26. Bxc7 Rxc7 27. Nc2 Rca7 28.
Kg2 Bf8 29. f3 Bc6 30. Rb2 Bd5 31. Rxb5 exf3+ 32. Bxf3 Bxf3+ 33. Kxf3 e6 34. Rc1
Bxa3 35. Nxa3 Rxa3 36. Rb4 R8a4 37. Rxa4 Rxa4 38. e4 Kf8 39. e5 Ke7 40. g5 Kd7
41. h4 Kc6 42. Rc2 Ra3 43. Kg3 Kd5 44. Kf3 Kc6 45. Kg3 Kb5 46. Kf2 Ka4 47. Ke3
Kb3 48. Rf2 Kxc3 49. Rxf7 Kb2+ 50. Ke4 c3 51. d5 c2 52. Rb7+ Rb3 53. Rc7 c1=Q
54. Rxc1 Kxc1 55. dxe6 Kd2 56. Kd5 Ke3 57. e7 Rb8 58. Kd6 Kf4 59. Ke6 Rb5 60.
Kf6 Rxe5 61. Kf7 Kg4 62. Kg7 Rxe7+ 63. Kh6 Re8 64. Kxh7 Kxh4 65. Kh6 Re5 {White
resigns} 0-1

[Event "Team 45 45 League T61"]
[Site "Internet Chess Club"]
[Date "2014.06.28"]
[Round "5"]
[White "JeffH"]
[Black "MetaGod"]
[Result "1-0"]
[WhiteElo "1725"]
[BlackElo "1571"]
[Opening "French: exchange variation"]
[ECO "C01"]
[Time "12:00:18"]
[TimeControl "2700+45"]

1. e4 e6 2. d4 d5 3. exd5 exd5 4. Bf4 Nf6 5. Nc3 Bd6 6. Qd2 O-O 7. O-O-O Bf5 8.
Nf3 Bb4 9. Bd3 Ne4 10. Bxe4 Bxe4 11. a3 Bxc3 12. Qxc3 c6 13. Rhg1 Nd7 14. Ng5
Bg6 15. h4 h6 16. Nf3 Nb6 17. g4 Nc4 18. h5 Be4 19. g5 Qa5 20. Qxa5 Nxa5 21. Nd2
hxg5 22. Bxg5 Kh7 23. Nxe4 dxe4 24. Rde1 Rae8 25. b3 b6 26. Re3 Re6 27. Bf4 Nb7
28. Be5 f6 29. Bf4 f5 30. Be5 Rg8 31. Rg5 {Black resigns} 1-0

[Event "Team 45 45 League T61"]
[Site "Internet Chess Club"]
[Date "2014.06.29"]
[Round "5"]
[White "jcule"]
[Black "okieman888"]
[Result "0-1"]
[WhiteElo "1482"]
[BlackElo "1476"]
[Opening "QGD Slav defense"]
[ECO "D10"]
[Time "18:30:35"]
[TimeControl "2700+45"]

1. d4 d5 2. c4 c6 3. e3 Nf6 4. Nc3 e6 5. a3 Nbd7 6. Nf3 Bd6 7. Bd3 O-O 8. O-O
dxc4 9. Bxc4 e5 10. dxe5 Nxe5 11. Nxe5 Bxe5 12. Qc2 Qc7 13. f4 Bd6 14. b4 Re8
15. Re1 Be6 16. Ne4 Nxe4 17. Qxe4 Bxc4 18. Qxc4 Bxf4 19. Qc3 Bxh2+ 20. Kh1 Be5
{White resigns} 0-1

[Event "Team 45 45 League T61"]
[Site "Internet Chess Club"]
[Date "2014.06.28"]
[Round "5"]
[White "Ostap-Bender"]
[Black "TimeCo"]
[Result "1-0"]
[WhiteElo "1395"]
[BlackElo "1343"]
[Opening "Nimzo-Indian: three knights variation"]
[ECO "E21"]
[Time "15:00:27"]
[TimeControl "2700+45"]

1. d4 Nf6 2. c4 e6 3. Nc3 Bb4 4. Nf3 b6 5. Bg5 Nc6 6. d5 Bxc3+ 7. bxc3 Na5 8. e4
O-O 9. e5 h6 10. exf6 hxg5 11. fxg7 Kxg7 12. Qd4+ f6 13. Bd3 e5 14. Qe4 f5 15.
Qxe5+ Kg8 16. O-O d6 17. Qe3 f4 18. Qe4 Bf5 19. Qd4 g4 20. Nd2 Qg5 21. Bxf5 Rxf5
22. Rae1 Raf8 23. Re6 Qh4 24. Rg6+ Kh7 25. Qg7# {Black checkmated} 1-0

[Event "Team 45 45 League T61"]
[Site "Internet Chess Club"]
[Date "2014.06.28"]
[Round "5"]
[White "crazyhorses"]
[Black "Signalman"]
[Result "0-1"]
[WhiteElo "1398"]
[BlackElo "1726"]
[Opening "Ruy Lopez: modern Steinitz defense"]
[ECO "C75"]
[Time "10:01:04"]
[TimeControl "2700+45"]

1. e4 e5 2. Nf3 Nc6 3. Bb5 a6 4. Ba4 d6 5. c3 Bd7 6. O-O Nge7 7. d3 Ng6 8. Nbd2
b5 9. Bc2 Be7 10. Re1 h6 11. Nf1 Bg5 12. Ng3 Bxc1 13. Qxc1 Nf4 14. d4 Bg4 15.
dxe5 dxe5 16. Nxe5 Nxe5 17. Qxf4 Qe7 18. h3 g5 19. Qc1 Bxh3 20. gxh3 Nf3+ 21.
Kg2 Nxe1+ 22. Qxe1 Rd8 23. a4 Qe5 24. Nf5 g4 25. hxg4 Qf4 26. Qe3 Qxg4+ 27. Kf1
Rg8 28. Qg3 Rd2 29. Qxg4 Rxg4 30. axb5 Rf4 31. Ne3 Rfxf2+ 32. Kg1 axb5 33. b4
Rfe2 34. Ra8+ Kd7 35. Rh8 Rxe3 36. Bb1 Re1# {White checkmated} 0-1

[Event "Team 45 45 League T61"]
[Site "Internet Chess Club"]
[Date "2014.06.27"]
[Round "5"]
[White "rayonline53"]
[Black "kingphisch"]
[Result "1-0"]
[WhiteElo "1609"]
[BlackElo "1505"]
[Opening "Caro-Kann: exchange, Rubinstein variation"]
[ECO "B13"]
[Time "15:00:37"]
[TimeControl "2700+45"]

1. e4 c6 2. d4 d5 3. exd5 cxd5 4. Bd3 Nc6 5. c3 Nf6 6. Bf4 e6 7. Nf3 Bd6 8. Bxd6
Qxd6 9. O-O O-O 10. Re1 Re8 11. Ne5 Qc7 12. Nd2 Nd7 13. Bxh7+ Kf8 14. f4 Ndxe5
15. fxe5 Qe7 16. Qh5 Rd8 17. Rf1 Ke8 18. Bg8 Qc7 19. Rxf7 Ne7 20. Raf1 Kd7 21.
Rxe7+ Kc6 22. Rxc7+ Kxc7 23. Qg6 Bd7 24. Bxe6 Be8 25. Qxg7+ {Black resigns} 1-0

[Event "Team 45 45 League T61"]
[Site "Internet Chess Club"]
[Date "2014.06.29"]
[Round "5"]
[White "g8wrb"]
[Black "evan7284"]
[Result "1/2-1/2"]
[WhiteElo "1305"]
[BlackElo "1599"]
[Opening "Four knights: Italian variation"]
[ECO "C47"]
[Time "09:02:38"]
[TimeControl "2700+45"]

1. e4 e5 2. Nf3 Nf6 3. Nc3 Nc6 4. Bc4 Nxe4 5. Nxe5 Nxe5 6. Qe2 Nxc3 7. Qxe5+ Qe7
8. Qxe7+ Bxe7 9. bxc3 O-O 10. O-O d6 11. Re1 Re8 12. d4 Bf5 13. Bd3 Bxd3 14.
cxd3 Bf6 15. Bf4 Kf8 16. Kf1 Rxe1+ 17. Rxe1 Re8 18. a4 Rxe1+ 19. Kxe1 Ke7 20.
Ke2 Kd7 21. Bd2 Kc6 22. Ke3 d5 23. c4 Kd6 24. g4 c5 25. Bc3 Bxd4+ 26. Bxd4 cxd4+
27. Kxd4 dxc4 28. dxc4 g5 29. a5 h6 30. f3 Kc6 31. Kc3 Kc5 32. Kb3 Kd4 33. Kb4
a6 34. Kb3 Kd3 35. Kb4 Kd4 36. Kb3 Kd3 37. Kb4 Kd4 {Game drawn by repetition}
1/2-1/2

[Event "Team 45 45 League T61"]
[Site "Internet Chess Club"]
[Date "2014.06.26"]
[Round "5"]
[White "SirIvanhoe"]
[Black "QuieroAprender"]
[Result "1-0"]
[WhiteElo "1721"]
[BlackElo "1674"]
[Opening "Evans gambit declined"]
[ECO "C51"]
[Time "20:17:27"]
[TimeControl "2700+45"]

1. e4 e5 2. Bc4 Bc5 3. Nf3 Nc6 4. b4 Bb6 5. c3 d6 6. a4 a5 7. b5 Nce7 8. Qb3 Nh6
9. d4 f6 10. Bxh6 gxh6 11. Bf7+ Kf8 12. Be6 Ng6 13. g3 Ke7 14. Bd5 Rb8 15. Qa2
Bg4 16. Nbd2 Rf8 17. h3 Bd7 18. Nc4 c6 19. Nxb6 Qxb6 20. bxc6 bxc6 21. Bc4 exd4
22. Nxd4 Ne5 23. Be2 c5 24. Nf5+ Bxf5 25. exf5 c4 26. O-O Qb2 27. Bxc4 Qxc3 28.
Be2 Qb3 29. Rfc1 Qxa2 30. Rxa2 Rfc8 31. Rxc8 Rxc8 32. f4 Rc1+ 33. Kf2 Nc4 34.
Bxc4 Rxc4 35. Ra3 d5 36. Ke3 Kd6 37. g4 Kc5 38. h4 Kb4 39. Rd3 Re4+ 40. Kf3 Kc4
41. Re3 Rxe3+ 42. Kxe3 d4+ 43. Kd2 d3 44. g5 hxg5 45. fxg5 fxg5 46. f6 gxh4 47.
f7 Kb3 48. f8=Q Kxa4 49. Qf4+ Ka3 50. Qxh4 a4 51. Qc4 h5 52. Kc3 d2 53. Qb4+ Ka2
54. Qb2# {Black checkmated} 1-0

[Event "Team 45 45 League T61"]
[Site "Internet Chess Club"]
[Date "2014.06.25"]
[Round "5"]
[White "drsigmund1"]
[Black "CaptK"]
[Result "1/2-1/2"]
[WhiteElo "1581"]
[BlackElo "1668"]
[Opening "King's Indian: London system"]
[ECO "A48"]
[Time "22:00:08"]
[TimeControl "2700+45"]

1. d4 Nf6 2. Nf3 g6 3. Bf4 Bg7 4. e3 d6 5. Be2 O-O 6. Nbd2 Nbd7 7. O-O Re8 8.
Nc4 Nh5 9. Bg5 h6 10. Bh4 Nhf6 11. h3 e5 12. c3 e4 13. Nfd2 d5 14. Na3 c6 15. c4
Qb6 16. Rb1 a6 17. b4 Qc7 18. Bg3 Qd8 19. cxd5 cxd5 20. Qb3 b5 21. Rbc1 Bb7 22.
Rc7 Bc8 23. Rfc1 Nb6 24. R1c6 Nc4 25. Naxc4 bxc4 26. Qa4 Bd7 27. Qa5 Bxc6 28.
Rxc6 Qxa5 29. bxa5 Rec8 30. Rb6 c3 31. Nb3 c2 32. Bxa6 c1=Q+ 33. Nxc1 Rxc1+ 34.
Kh2 Nh5 35. Bd6 Bf8 36. Rb8 Rxb8 37. Bxb8 Rc6 38. Bb7 Re6 39. a6 Rxa6 40. Bxa6
Ba3 41. Be5 f6 42. Bc7 Kf7 43. Bb6 f5 44. Bc5 Bxc5 45. dxc5 Ke7 46. c6 Kd6 47.
Bb7 f4 48. a4 g5 49. a5 Kc7 50. a6 Kb6 51. Kg1 Ng7 52. c7 Kxc7 53. Bxd5 Kb6 54.
Bb7 h5 55. g3 fxg3 56. fxg3 Ne6 57. Bxe4 Kxa6 58. Kf2 Kb6 59. Bg6 Ng7 60. Kf3
Kc5 61. Ke4 Kd6 62. h4 gxh4 63. gxh4 Ke6 64. Kf4 Kf6 65. Bc2 Ne6+ 66. Kg3 Ke5
67. Bg6 Ng7 68. Kf3 Kf6 69. Bc2 Ke5 70. Kg3 Ne6 71. Bg6 Ng7 72. e4 Kf6 73. Bh7
Ke5 74. Kf3 Ne6 75. Bg6 Ng7 76. Bf7 Kf6 77. Bc4 Ke5 78. Ke3 Ne8 79. Bf7 Ng7 80.
Kd3 Kf6 81. Bb3 Ke5 82. Bd1 Kf4 83. Kd4 Kg3 84. Kd5 Kxh4 85. Bxh5 Kxh5 86. e5
Kg6 87. e6 Nxe6 {Game drawn because neither player has mating material} 1/2-1/2

[Event "Team 45 45 League T61"]
[Site "Internet Chess Club"]
[Date "2014.07.01"]
[Round "5"]
[White "Gilguli"]
[Black "Andressa"]
[Result "0-1"]
[WhiteElo "1396"]
[BlackElo "1498"]
[Opening "Blackmar gambit"]
[ECO "D00"]
[Time "16:29:22"]
[TimeControl "2700+45"]

1. d4 d5 2. e4 dxe4 3. Nc3 Nf6 4. Bg5 Nbd7 5. Bb5 c6 6. Ba4 e6 7. Nxe4 Be7 8.
Qf3 Nxe4 9. Bxe7 Qxe7 10. Qxe4 Nf6 11. Qf3 Qb4+ 12. c3 Qxa4 13. Ne2 Qc2 14. b3
Qf5 15. Qxf5 exf5 16. O-O-O O-O 17. g4 Nxg4 18. Rhg1 Nxf2 19. Rdf1 Ne4 20. Nf4
Nxc3 21. Rf2 Ne4 22. Rfg2 {White resigns} 0-1

[Event "Team 45 45 League T61"]
[Site "Internet Chess Club"]
[Date "2014.06.28"]
[Round "5"]
[White "JOFRAN"]
[Black "semperfi"]
[Result "1-0"]
[WhiteElo "1320"]
[BlackElo "1337"]
[Opening "French: advance, Milner-Barry gambit"]
[ECO "C02"]
[Time "20:00:16"]
[TimeControl "2700+45"]

1. e4 e6 2. d4 d5 3. e5 c5 4. c3 Nc6 5. Nf3 Qb6 6. Bd3 Bd7 7. O-O cxd4 8. Qe2
dxc3 9. Nxc3 Nge7 10. Be3 Qc7 11. Nb5 Qa5 12. Nd6+ Kd8 13. Nxf7+ Kc7 14. Nxh8 g6
15. Nf7 Nf5 16. Bxf5 gxf5 17. Rfc1 Be7 18. a3 Qa6 19. Qxa6 bxa6 20. Nd4 Bf8
{Black resigns} 1-0

[Event "Team 45 45 League T61"]
[Site "Internet Chess Club"]
[Date "2014.06.30"]
[Round "5"]
[White "Berke"]
[Black "Innes"]
[Result "0-1"]
[WhiteElo "1533"]
[BlackElo "1599"]
[Opening "Giuoco Pianissimo"]
[ECO "C55"]
[Time "16:00:22"]
[TimeControl "2700+45"]

1. e4 e5 2. Nf3 Nc6 3. Bc4 Nf6 4. d3 Bc5 5. c3 d6 6. Bg5 Be6 7. Bb5 a6 8. Ba4 h6
9. Bh4 O-O 10. Bc2 Bg4 11. Nbd2 Ba7 12. h3 Bh5 13. Nf1 Re8 14. Ng3 Bg6 15. Qe2
b5 16. Nh2 b4 17. Ng4 bxc3 18. bxc3 Rb8 19. Rb1 Rxb1+ 20. Bxb1 Qb8 21. O-O Nxg4
22. Qxg4 Qb2 23. Qd7 Rb8 24. Qxc6 Bxf2+ 25. Rxf2 Qxb1+ 26. Rf1 Qxd3 27. Rf3 Rb1+
28. Kh2 Qc2 29. Qxc7 Rb2 30. Ne2 Qxe4 31. Qd8+ Kh7 32. Ng3 Qxf3 33. Qxd6 Qxg2#
{White checkmated} 0-1

[Event "Team 45 45 League T61"]
[Site "Internet Chess Club"]
[Date "2014.06.27"]
[Round "5"]
[White "BrerRabbit"]
[Black "tamky70"]
[Result "1/2-1/2"]
[WhiteElo "1494"]
[BlackElo "1400"]
[Opening "King's Indian: East Indian defense"]
[ECO "A48"]
[Time "19:35:15"]
[TimeControl "2700+45"]

1. d4 Nf6 2. Nf3 g6 3. Nbd2 d5 4. b4 Bg7 5. e3 O-O 6. Bb2 c6 7. c4 Nbd7 8. Be2
Ne4 9. Qc2 Nxd2 10. Nxd2 Nf6 11. O-O Bf5 12. Bd3 Bxd3 13. Qxd3 a5 14. a3 e6 15.
Rfc1 Qd7 16. bxa5 Qc7 17. Nb3 Nd7 18. Rab1 b6 19. axb6 Qxb6 20. Nd2 Qa6 21. Rc3
Rfb8 22. cxd5 cxd5 23. Qxa6 Rxa6 24. Kf1 Nf6 25. Rb3 Rba8 26. Rc1 Bf8 27. Nb1
Ne4 28. Ke1 Nd6 29. Rc7 R6a7 30. Rxa7 Rxa7 31. Nc3 Nc4 32. a4 Na5 33. Rb8 Nc4
34. Bc1 Kg7 35. Bb2 Nxb2 36. Rxb2 Ba3 37. Rb3 Bf8 38. Kd1 Be7 39. Kc2 Bd8 40.
Rb5 Ba5 41. Rxa5 Rxa5 42. Kb3 Kf8 43. Kb4 Ra8 44. Kb5 Ke7 45. a5 Kd7 46. Na4 Kc7
47. Nc5 Rb8+ 48. Ka4 Rb1 49. a6 Kb6 50. Ka3 Ra1+ 51. Kb2 Rxa6 52. Nxa6 Kxa6 53.
Kc3 Ka5 {Game drawn by mutual agreement} 1/2-1/2

[Event "Team 45 45 League T61"]
[Site "Internet Chess Club"]
[Date "2014.06.27"]
[Round "5"]
[White "HorseRadish"]
[Black "JohLeb"]
[Result "1-0"]
[WhiteElo "1368"]
[BlackElo "1349"]
[Opening "English opening"]
[ECO "A10"]
[Time "13:00:02"]
[TimeControl "2700+45"]

1. c4 g6 2. Nc3 Bg7 3. g3 e6 4. Bg2 Ne7 5. e3 Nbc6 6. Nge2 O-O 7. O-O b6 8. d4
d5 9. b3 a5 10. cxd5 exd5 11. Nf4 Be6 12. Qf3 Rb8 13. Ncxd5 Nxd5 14. Nxd5 Bxd5
15. Qxd5 Qxd5 16. Bxd5 Na7 17. Ba3 Rfe8 18. Rac1 Nb5 19. Bb2 Re7 20. Rc2 Rd8 21.
Bg2 Na7 22. Rfc1 f5 23. Rxc7 Rxc7 24. Rxc7 Nb5 25. Rc6 Rd6 26. Rc8+ Bf8 27. a4
Na7 28. Rc7 {Black resigns} 1-0

[Event "Team 45 45 League T61"]
[Site "Internet Chess Club"]
[Date "2014.06.30"]
[Round "5"]
[White "PsyMar"]
[Black "Tribe97"]
[Result "0-1"]
[WhiteElo "1349"]
[BlackElo "1404"]
[Opening "English orang-utan"]
[ECO "A00"]
[Time "16:30:15"]
[TimeControl "2700+45"]

1. b4 Nf6 2. c4 g6 3. Bb2 Bg7 4. Nf3 O-O 5. g3 d6 6. Bg2 c6 7. O-O Bg4 8. h3 Bf5
9. Nd4 Bd7 10. f4 e5 11. fxe5 dxe5 12. Nb3 Re8 13. e3 Nh5 14. g4 Ng3 15. Rf2 f5
16. d3 fxg4 17. hxg4 Qh4 18. Qf3 Rf8 19. Qd1 Rxf2 20. Kxf2 Ne4+ 21. Kg1 Qf2+ 22.
Kh2 Qxb2 23. N1d2 Nxd2 24. Nxd2 Qxb4 25. Rb1 Qe7 {White resigns} 0-1

[Event "Team 45 45 League T61"]
[Site "Internet Chess Club"]
[Date "2014.06.28"]
[Round "5"]
[White "BrianWood"]
[Black "blerkoid"]
[Result "1/2-1/2"]
[WhiteElo "1485"]
[BlackElo "1634"]
[Opening "English opening"]
[ECO "A15"]
[Time "23:01:29"]
[TimeControl "2700+45"]

1. c4 Nf6 2. Nf3 e6 3. e3 d5 4. d4 Bb4+ 5. Bd2 Bxd2+ 6. Nbxd2 c5 7. dxc5 dxc4 8.
Bxc4 b6 9. Bb5+ Bd7 10. Bxd7+ Qxd7 11. cxb6 axb6 12. O-O O-O 13. Qb3 Qb7 {Game
drawn by mutual agreement} 1/2-1/2

[Event "Team 45 45 League T61"]
[Site "Internet Chess Club"]
[Date "2014.06.30"]
[Round "5"]
[White "Bible-Believer"]
[Black "chessman64"]
[Result "1-0"]
[WhiteElo "1538"]
[BlackElo "1366"]
[Opening "Ruy Lopez: Cozio defense"]
[ECO "C60"]
[Time "14:00:53"]
[TimeControl "2700+45"]

1. e4 e5 2. Nf3 Nc6 3. Bb5 Nge7 4. O-O a6 5. Ba4 Na7 6. Nxe5 g6 7. Bb3 d5 8. Qf3
f5 9. exd5 Bg7 10. d4 Qd6 11. Bf4 Qb6 12. Ba4+ c6 13. c3 Qxb2 14. Nd2 b5 15. Bb3
Bb7 16. Rfe1 Rd8 17. Bg5 Bf8 18. dxc6 Bc8 19. Bf7# {Black checkmated} 1-0

[Event "Team 45 45 League T61"]
[Site "Internet Chess Club"]
[Date "2014.06.29"]
[Round "5"]
[White "chesskix"]
[Black "rkaebi"]
[Result "1-0"]
[WhiteElo "1376"]
[BlackElo "1408"]
[Opening "English opening"]
[ECO "A05"]
[Time "14:00:38"]
[TimeControl "2700+45"]

1. Nf3 Nf6 2. c4 g6 3. Nc3 Bg7 4. d3 O-O 5. g3 d6 6. Bg2 c6 7. O-O e5 8. Ng5 Re8
9. Nge4 Nxe4 10. Nxe4 Be6 11. Ng5 Nd7 12. Nxe6 fxe6 13. e4 Nf6 14. Rb1 d5 15.
cxd5 exd5 16. exd5 cxd5 17. Qb3 Qd7 18. Bd2 Kh8 19. Bb4 a5 20. Ba3 b5 21. Bc5
Rac8 22. Rbc1 b4 23. Rfd1 Qb5 24. Bd6 Rxc1 25. Rxc1 Qb6 26. Bc5 Qd8 27. Be3 d4
28. Bd2 Rf8 29. Rc6 Qd7 30. h3 Re8 31. Rc5 e4 32. dxe4 Nxe4 33. Bxe4 Rxe4 34.
Rxa5 Bf8 35. Bxb4 Bxb4 36. Qxb4 Qe8 37. Kg2 Qf7 38. Ra8+ Kg7 39. Rd8 Qf6 40.
Rd7+ Kh6 41. Qb7 Re2 42. Rxh7+ Kg5 43. h4+ Kg4 44. Qd7+ Re6 45. Rf7 {Black
forfeits on time} 1-0

[Event "Team 45 45 League T61"]
[Site "Internet Chess Club"]
[Date "2014.06.29"]
[Round "5"]
[White "SATELLITE-DAN"]
[Black "alexine"]
[Result "1-0"]
[WhiteElo "1561"]
[BlackElo "1586"]
[Opening "Evans gambit"]
[ECO "C52"]
[Time "12:00:18"]
[TimeControl "2700+45"]

1. e4 e5 2. Nf3 Nc6 3. Bc4 Bc5 4. b4 Bxb4 5. c3 Ba5 6. d4 exd4 7. O-O Nf6 8. e5
d5 9. exf6 dxc4 10. fxg7 Rg8 11. Re1+ Be6 12. Bg5 Qd7 13. Bf6 dxc3 14. Qc2 Qd3
15. Qa4 c2 16. Nbd2 Bxd2 17. Nxd2 Qxd2 18. Qxc4 Kd7 19. Qe4 Rae8 20. Qf3 Kc8 21.
Bc3 Qd5 22. Qe2 Bf5 23. Qxe8+ Rxe8 24. Rxe8+ Kd7 25. g8=Q Qd1+ 26. Re1 {Black
resigns} 1-0

[Event "Team 45 45 League T61"]
[Site "Internet Chess Club"]
[Date "2014.06.29"]
[Round "5"]
[White "Chess4Him"]
[Black "Tjet"]
[Result "1/2-1/2"]
[WhiteElo "1526"]
[BlackElo "1479"]
[Opening "Queen's Pawn"]
[ECO "A41"]
[Time "16:03:44"]
[TimeControl "2700+45"]

1. d4 d6 2. Bf4 g6 3. e3 Bg7 4. Nf3 c6 5. Nbd2 Nf6 6. h3 O-O 7. Bd3 d5 8. c4
Nbd7 9. O-O Re8 10. cxd5 Nxd5 11. Bg3 e5 12. dxe5 Nxe5 13. Nxe5 Bxe5 14. Bxe5
Rxe5 15. Nf3 Re7 16. Bc4 Be6 17. Ng5 Nb6 18. Bxe6 fxe6 19. Qb3 Qd5 20. Qxd5 exd5
21. b3 Rae8 22. Nf3 Nd7 23. Rfd1 Nc5 24. Rac1 Ne4 25. Nd4 Rf8 26. Rc2 a6 27. Nf3
Kg7 28. Nh2 {Game drawn by mutual agreement} 1/2-1/2

[Event "Team 45 45 League T61"]
[Site "Internet Chess Club"]
[Date "2014.06.25"]
[Round "5"]
[White "dabodhi"]
[Black "jjaillet2007"]
[Result "1-0"]
[WhiteElo "1339"]
[BlackElo "1293"]
[Opening "French: advance, Paulsen attack"]
[ECO "C02"]
[Time "21:00:21"]
[TimeControl "2700+45"]

1. e4 e6 2. d4 d5 3. e5 c5 4. c3 Nc6 5. Nf3 cxd4 6. cxd4 Bb4+ 7. Nbd2 Nge7 8.
Bd3 O-O 9. O-O Bxd2 10. Bxd2 Qb6 11. Bc3 Nb4 12. Bxh7+ Kh8 13. Ng5 f6 14. exf6
Rxf6 15. Qh5 Ng8 16. Bxg8+ Kxg8 17. Qh7+ Kf8 18. Qh8+ Ke7 19. Qxg7+ Kd6 20. Qxf6
Nd3 21. Qf8+ Kc7 22. Qa3 a5 23. Qf8 Qd6 24. Qxd6+ Kxd6 25. Rad1 Nf4 26. Nf7+ Ke7
27. Ne5 Ne2+ 28. Kh1 b5 29. Nc6+ Kd6 30. Ne5 Bb7 31. Rfe1 Nxc3 32. bxc3 b4 33.
cxb4 axb4 34. Rb1 Ra4 35. Rb2 Ba6 36. Rc1 Bc4 37. Nxc4+ dxc4 38. Rxc4 Kd5 39.
Rcxb4 Ra3 40. R4b3 Ra4 41. Rb4 Ra3 42. g3 Rd3 43. h4 e5 44. h5 exd4 45. h6 Rf3
46. h7 Rf8 47. Rb7 d3 48. Rg7 Rh8 49. Rd7+ Kc4 50. Rd2 Kc3 51. R2xd3+ Kb2 52. g4
Kxa2 53. g5 {Black resigns} 1-0

[Event "Team 45 45 League T61"]
[Site "Internet Chess Club"]
[Date "2014.06.27"]
[Round "5"]
[White "medsurg"]
[Black "smsxman"]
[Result "1-0"]
[WhiteElo "1382"]
[BlackElo "1395"]
[Opening "Ruy Lopez: old Steinitz defense"]
[ECO "C62"]
[Time "13:00:16"]
[TimeControl "2700+45"]

1. e4 e5 2. Nf3 Nc6 3. Bb5 d6 4. c3 Bd7 5. d4 exd4 6. cxd4 Nf6 7. Nc3 Be7 8. O-O
O-O 9. Re1 a6 10. Ba4 b5 11. Bc2 Nb4 12. Bb1 Nc6 13. e5 dxe5 14. dxe5 Ng4 15. h3
Nh6 16. Nd5 Nf5 17. Nxe7+ Ncxe7 18. Bg5 Qe8 19. Bc2 Be6 20. Nd4 Rd8 21. Re4 c5
22. Qh5 Rxd4 23. Rxd4 Nxd4 24. Qxh7# {Black checkmated} 1-0

[Event "Team 45 45 League T61"]
[Site "Internet Chess Club"]
[Date "2014.06.28"]
[Round "5"]
[White "Leon13"]
[Black "JRussell2"]
[Result "0-1"]
[WhiteElo "1437"]
[BlackElo "1420"]
[Opening "Sicilian: closed, 2...Nc6"]
[ECO "B23"]
[Time "15:00:51"]
[TimeControl "2700+45"]

1. e4 c5 2. Nc3 Nc6 3. Bb5 Nd4 4. Bc4 e6 5. Nge2 Nf6 6. a3 d5 7. exd5 exd5 8.
Ba2 Be7 9. O-O O-O 10. Nxd4 cxd4 11. Ne2 Bc5 12. d3 Bg4 13. h3 Bh5 14. Bg5 Re8
15. f3 Bg6 16. Nf4 h6 17. Bxf6 Qxf6 18. Nxd5 Qd6 19. Qd2 Qg3 20. Qf4 Bd6 21.
Qxg3 Bxg3 22. f4 Re2 23. Rae1 Bxe1 24. Rf3 Rxc2 25. Ne7+ Kh7 26. f5 Bh5 27. g4
Rxb2 28. Bc4 Bh4 29. gxh5 Bxe7 30. Bxf7 Bxa3 31. Bg6+ Kg8 32. f6 gxf6 33. Rxf6
Rf8 34. Rxf8+ Kxf8 35. Be4 b6 {White resigns} 0-1

[Event "Team 45 45 League T61"]
[Site "Internet Chess Club"]
[Date "2014.06.26"]
[Round "5"]
[White "rgadoury"]
[Black "Andaluz"]
[Result "1/2-1/2"]
[WhiteElo "1417"]
[BlackElo "1272"]
[Opening "Queen's pawn game"]
[ECO "E10"]
[Time "14:00:29"]
[TimeControl "2700+45"]

1. d4 Nf6 2. c4 e6 3. Nf3 d5 4. e3 Bb4+ 5. Bd2 Bxd2+ 6. Nbxd2 Nbd7 7. cxd5 Nxd5
8. Bc4 c6 9. O-O O-O 10. a3 a5 11. Qc2 Re8 12. Ne4 N7f6 13. Nxf6+ Nxf6 14. Rad1
b5 15. Bd3 Bb7 16. Ne5 Rc8 17. h3 Re7 18. Be2 Rec7 19. b4 a4 20. Qd3 Qe8 21. Rc1
Nd7 22. Nxd7 Qxd7 23. Bf3 g6 24. Rc5 Kf8 25. Rd1 Ke7 26. g4 Kf6 27. Qe4 Qd6
{Game drawn by mutual agreement} 1/2-1/2

[Event "Team 45 45 League T61"]
[Site "Internet Chess Club"]
[Date "2014.06.30"]
[Round "5"]
[White "Kandor"]
[Black "theartist"]
[Result "1/2-1/2"]
[WhiteElo "1282"]
[BlackElo "1109"]
[Opening "French: King's Indian attack"]
[ECO "C00"]
[Time "14:24:28"]
[TimeControl "2700+45"]

1. e4 e6 2. d3 d5 3. Nd2 c5 4. g3 Nf6 5. Bg2 Nc6 6. Ngf3 Be7 7. O-O O-O 8. c3 h6
9. Qe2 d4 10. cxd4 cxd4 11. a3 Bc5 12. b4 Bb6 13. b5 Na5 14. Rb1 Qc7 15. Bb2 e5
16. Rbc1 Qe7 17. a4 Bg4 18. Qd1 Bxf3 19. Bxf3 Rac8 20. Rxc8 Rxc8 21. Nb3 Nd7 22.
Bg4 Rc7 23. Nxa5 Bxa5 24. Bxd7 Qxd7 25. Qb3 Bc3 26. Rc1 Bxb2 27. Rxc7 Qxc7 28.
Qxb2 Qc3 29. Qe2 {Game drawn by mutual agreement} 1/2-1/2